 Dungeon Sprint DCSS version 0.17-a0-1558-g9d24de5 (webtiles) character file.

1166 OdinFK the Grappler (level 8, -3/139 HPs)
             Began as a Troll Berserker on July 20, 2015.
             Was an Elder of Trog.
             Slain by a centaur warrior (7 damage)
             ... in the Dungeon (Sprint I: "Red Sonja").
             The game lasted 00:02:15 (258 turns).

OdinFK the Grappler (Troll Berserker)                Turns: 258, Time: 00:02:15

Health: -3/139     AC:  5    Str: 33    XL:     8   Next: 17%
Magic:  7/7        EV: 12    Int:  3    God:    Trog [****..]
Gold:   397        SH:  0    Dex:  9    Spells: 0 memorised, 7 levels left

rFire  . . .     SeeInvis .       - Unarmed
rCold  . . .     Clarity  .     a - +0 animal skin
rNeg   . . .     SustAt   .     (no shield)
rPois  .         Gourm    +     (helmet restricted)
rElec  .         Spirit   .     (no cloak)
rCorr  .         Warding  .     (gloves unavailable)
rMut   .         NoTele   +     (boots unavailable)
MR     .....                    (no amulet)
Stlth  ..........               (no ring)
                                (no ring)

@: berserking, very quick, not resistant to hostile enchantments, extremely
unstealthy
A: unfitting armour, claws 3, fast metabolism 3, gourmand, regeneration 2,
shaggy fur 1, tough skin 2
a: Burn Spellbooks, Berserk, Trog's Hand, Brothers in Arms, Renounce Religion


You were in the Dungeon.
You worshipped Trog.
Trog was greatly pleased with you.
You were not hungry.

You visited 1 branch You collected 432 gold pieces.
You spent 35 gold pieces at shops.

Inventory:

Armour
 a - a +0 animal skin (worn)
Scrolls
 h - a scroll of blinking
Potions
 c - a potion of curing
 d - a potion of heal wounds
 e - a potion of haste
 f - 2 potions of magic
 g - a potion of berserk rage
Comestibles
 b - 2 bread rations


   Skills:
 + Level 9.6 Fighting
 + Level 8.6 Dodging
 + Level 0.3 Stealth
 + Level 10.8 Unarmed Combat


You had 7 spell levels left.
You didn't know any spells.

Dungeon Overview and Level Annotations

Branches:
Dungeon (1/1)

Altars:
Cheibriados
Dithmenos
Elyvilon
Fedhas
Gozag
Kikubaaqudgha
Makhleb
Nemelex Xobeh
Okawaru
Qazlal
Ru
Sif Muna
Trog
Vehumet
Xom
Yredelemnul
Zin
The Shining One
Jiyva

Shops:
D *


Innate Abilities, Weirdness & Mutations

You are too large for most types of armour.
You have claws for hands.
Your metabolism is lightning-fast.
You like to eat raw meat.
You heal very quickly.
You are covered in fur (AC +1).
You have very tough skin (AC +2).


Message History

The centaur warrior hits you.
* * * LOW HITPOINT WARNING * * *
You closely miss the centaur warrior.
The centaur warrior is lightly wounded.
You barely miss the centaur warrior.
The centaur warrior is lightly wounded.
The centaur warrior barely misses you.
The centaur warrior hits you but does no damage.
You claw the centaur warrior!
The centaur warrior is moderately wounded.
The centaur warrior hits you!
* * * LOW HITPOINT WARNING * * *
The centaur warrior hits you but does no damage.
You are too berserk!
You mangle the centaur warrior!!
The centaur warrior is severely wounded.
The centaur warrior hits you!
* * * LOW HITPOINT WARNING * * *
The centaur warrior hits you!
You die...

#######################**********
#..)..#..'..#__#..')..#,,*,,,,+,,
'..#..').#..'..'..#)..#*+*,****,,
#####'#####'#__####...+,,*,*,***,
####..#...#.####§§#####,,+,*+*,**
#__####..##.#§§≈@§#,,**+****,,,*,
#_..__##'#..§≈§§cc+,,*,,,,,*,,,**
#_.∩...'..._#§§§§§#,,*,,,,,+,,,,,
#_..._##_.#'##+####*+***,,,*,,,,,
#_____###+#.#,,,,***,+,*,,,***++*
#######**,###*+***,***,*,,***,,**
,,,,,,,+,,,+,,,,,+,∩**,*,,****,,*
++++****,,,***********,**+*,,*,,*
,,,,,****,***,,,,,,,**,**,*,,,,,,


You could see 2 centaur warriors.

Vanquished Creatures
  2 kobold demonologists (D)
  A slime creature (D)
  A yak (D)
  Sigmund (D)
  An ogre (D)
  Ijyb (D)
  A jelly (D)
  A giant eyeball (D)
9 creatures vanquished.

Notes
Turn   | Place    | Note
--------------------------------------------------------------
     0 | D        | OdinFK the Troll Berserker began the quest for the Orb.
     0 | D        | Reached XP level 1. HP: 22/22 MP: 0/0
     1 | D        | Noticed Ijyb
    15 | D        | Killed Ijyb
    15 | D        | Reached skill level 4 in Unarmed Combat
    15 | D        | Reached XP level 2. HP: 29/32 MP: 1/1
    20 | D        | Noticed an ogre
    23 | D        | Killed an ogre
    23 | D        | Acquired Trog's second power
    23 | D        | Reached skill level 5 in Fighting
    23 | D        | Reached skill level 6 in Unarmed Combat
    23 | D        | Reached XP level 3. HP: 42/42 MP: 2/2
    23 | D        | Reached XP level 4. HP: 50/50 MP: 3/3
    57 | D        | Noticed Sigmund
    63 | D        | Killed Sigmund
    63 | D        | Reached skill level 7 in Unarmed Combat
    63 | D        | Reached XP level 5. HP: 57/61 MP: 4/4
    78 | D        | Found a deep blue altar of Sif Muna.
    79 | D        | Noticed a jelly
    80 | D        | Found a radiant altar of Vehumet.
    83 | D        | Killed a jelly
    83 | D        | Reached skill level 8 in Unarmed Combat
    83 | D        | Reached XP level 6. HP: 69/71 MP: 5/5
   105 | D        | Found Ytuvij's General Store.
   105 | D        | Found a white marble altar of Elyvilon.
   105 | D        | Found a stormy altar of Qazlal.
   105 | D        | Found a basalt altar of Yredelemnul.
   105 | D        | Found an iron altar of Okawaru.
   105 | D        | Found a sparkling altar of Nemelex Xobeh.
   105 | D        | Found a shimmering altar of Xom.
   105 | D        | Found an ancient bone altar of Kikubaaqudgha.
   105 | D        | Noticed a yak
   111 | D        | Killed a yak
   111 | D        | Reached skill level 9 in Unarmed Combat
   112 | D        | Found a burning altar of Makhleb.
   112 | D        | Found a sacrificial altar of Ru.
   112 | D        | Found a glowing golden altar of the Shining One.
   112 | D        | Found an opulent altar of Gozag.
   112 | D        | Found a glowing silver altar of Zin.
   113 | D        | Found a bloodstained altar of Trog.
   117 | D        | Bought a scroll of magic mapping for 35 gold pieces
   142 | D        | Found a snail-covered altar of Cheibriados.
   142 | D        | Found a viscous altar of Jiyva.
   142 | D        | Found a shadowy altar of Dithmenos.
   142 | D        | Found a blossoming altar of Fedhas.
   142 | D        | Noticed a slime creature
   148 | D        | Killed a slime creature
   148 | D        | Reached XP level 7. HP: 49/81 MP: 6/6
   200 | D        | Noticed a kobold demonologist
   201 | D        | Noticed a kobold demonologist
   203 | D        | Paralysed by a giant eyeball for 3 turns
   207 | D        | Killed a kobold demonologist
   207 | D        | Reached skill level 10 in Unarmed Combat
   209 | D        | Killed a kobold demonologist
   209 | D        | Acquired Trog's third power
   209 | D        | Reached XP level 8. HP: 93/93 MP: 7/7
   247 | D        | Noticed a centaur warrior
   247 | D        | Noticed a centaur warrior
   258 | D        | HP: 4/139 [centaur warrior (8)]
   258 | D        | Slain by a centaur warrior

Vault maps used:
D:        dungeon_sprint_1

Action                   |  1- 3 |  4- 6 |  7- 9 || total
-------------------------+-------+-------+-------++-------
Melee: Unarmed           |    15 |    16 |    13 ||    44
Invok: Berserk           |     1 |     1 |     2 ||     4
  Use: Scroll            |       |     2 |       ||     2
  Eat: Chunk             |       |     1 |     2 ||     3
